 Dungeon Crawl Stone Soup version 0.31-a0-851-g7ff8af7976 (webtiles) character file.

Game seed: 18248482438544101323

8 croobank the Covert (level 2, 0/29 HPs)
             Began as a Gnoll Delver on Oct 6, 2023.
             Killed by nerve-wracking pain
             ... invoked by Menkaure
              (13 damage)
             ... on level 4 of the Dungeon.
             The game lasted 00:00:41 (220 turns).

croobank the Covert (Gnoll Delver)                   Turns: 220, Time: 00:00:41

Health: 0/29       AC:  3    Str: 11    XL:     2   Next: 8%
Magic:  2/2        EV: 13    Int:  9    God:
Gold:   26         SH:  0    Dex: 13    Spells: 1/1 levels left

rFire   . . .        a - +0 short sword
rCold   . . .        (no shield)
rNeg    . . .        b - +0 leather armour
rPois   .            (no helmet)
rElec   .            (no cloak)
rCorr   .            (no gloves)
SInv    .            (no boots)
Will    .....        (no amulet)
Stlth   ++++         (no ring)
HPRegen 0.24/turn    (no ring)
MPRegen 0.08/turn

%: no passive effects
@: hasted, very quick
A: fangs 1, strong nose, distributed training
a: no special abilities


You were on level 4 of the Dungeon.
You visited 1 branch of the dungeon, and saw 3 of its levels.

You collected 26 gold pieces.

Inventory:

Hand Weapons
 a - a +0 short sword (weapon)
Missiles
 h - 2 javelins
Armour
 b - a +0 leather armour (worn)
Wands
 g - a wand of digging (3)
Scrolls
 c - a scroll of fog
 d - a scroll of revelation
 e - a scroll of fear


   Skills:
 + Level 6.4 Fighting
 + Level 4.4 Short Blades
 + Level 0.3 Long Blades
 + Level 0.3 Axes
 + Level 0.3 Maces & Flails
 + Level 0.3 Polearms
 + Level 0.3 Staves
 + Level 0.3 Ranged Weapons
 + Level 0.3 Throwing
 + Level 0.3 Armour
 + Level 4.4 Dodging
 + Level 9.5 Stealth
 + Level 0.3 Shields
 + Level 0.3 Unarmed Combat
 + Level 0.3 Spellcasting
 + Level 0.2 Conjurations
 + Level 0.2 Hexes
 + Level 0.2 Summonings
 + Level 0.2 Necromancy
 + Level 0.2 Translocations
 + Level 0.2 Transmutations
 + Level 0.2 Fire Magic
 + Level 0.2 Ice Magic
 + Level 0.2 Air Magic
 + Level 0.2 Earth Magic
 + Level 0.2 Poison Magic
 + Level 0.4 Invocations
 + Level 0.3 Evocations
 + Level 0.2 Shapeshifting


You had one spell level left.
You didn't know any spells.
Your spell library was empty.

Dungeon Overview and Level Annotations

Branches:
Dungeon (6/15)
 Temple: D:4-7

Altars:

Annotations:
D:4 Menkaure


Innate Abilities, Weirdness & Mutations

You have very sharp teeth.
Your uncanny sense of smell can sniff out nearby items.
Your experience applies equally to all skills.


Message History

You hit the orc.
You kill the orc!
You have reached level 2!
HP restored.
Items here: ( ))) [[[ ††.
Found 2 javelins.
You now have 22 gold pieces (gained 9).
You now have 26 gold pieces (gained 4).
Menkaure, Prince of Dust comes into view.
You see here 2 javelins.
h - 2 javelins
Found a scroll labelled MUUXAF YSIROMPUO.
An orc comes into view. It is wielding a +0 mace.
Found a robe.
Menkaure shouts!
You hear a shout!
Menkaure points at you and mumbles some strange words.
Pain shoots through your body!
The orc shouts!
You barely miss Menkaure. You hit Menkaure but do no damage.
Menkaure completely misses you.
You barely miss Menkaure.
Menkaure gestures at you while chanting.
Pain shoots through your body!
You hit Menkaure. You bite Menkaure, but do no damage.
Menkaure is lightly damaged.
You barely miss Menkaure. You bite Menkaure, but do no damage.
Menkaure is lightly damaged.
Menkaure hits you.
You hit Menkaure.
Menkaure is moderately damaged.
Menkaure casts a spell.
Menkaure seems to speed up.
You feel yourself speed up. Menkaure misses you. The orc barely misses you.
You hit Menkaure but do no damage.
Menkaure is moderately damaged.
You closely miss Menkaure.
Menkaure is moderately damaged.
Menkaure gestures at you while chanting.
Pain shoots through your body!
You die...

...........................
##.##.#.#............#####.
#.#.############## #. .
#.### #. ####...### #.
#../....# #. ##.....#.# #.
..........# #. .........@.#
#. ........oM.#
...........# ...........#
.........?# ..[.......#
..........∆ ..........


You could see Menkaure (fast) and an orc.

Vanquished Creatures
  4 orcs (D:4)
4 creatures vanquished.

Notes
Turn   | Place    | Note
-------+----------+-------------------------------------------
     0 | D:5      | Reached skill level 9 in Stealth
     0 | D:5      | croobank the Gnoll Delver began the quest for the Orb.
     0 | D:5      | Reached XP level 1. HP: 23/23 MP: 1/1
     1 | D:6      | Noticed a hound
     1 | D:6      | Noticed a black bear
    79 | D:4      | Reached XP level 2. HP: 14/29 MP: 2/2
   185 | D:4      | Noticed Menkaure
   220 | D:4      | Killed from afar by Menkaure

Illustrated notes

Levels and vault maps discovered:
D:4:      layout_basic, uniq_menkaure
D:5:      layout_gridville, chequers_temple_overflow_statue_of_worship,
          nicolae_uskayaw_en_pointe, serial_shops, kennysheep_little_box,
          chequers_serial_rivers_small_3
D:6:      layout_basic, nicolae_overflow_crystal_walls, serial_demonic,
          serial_demonic_d, serial_demonic_g, serial_demonic_b, serial_demonic_d

Skill      XL: | |
---------------+-+-----
Stealth        | |  9.5
Fighting       | |  6.4
Short Blades   | |  4.4
Long Blades    | |  0.3
Axes           | |  0.3
Maces & Flails | |  0.3
Polearms       | |  0.3
Staves         | |  0.3
Ranged Weapons | |  0.3
Throwing       | |  0.3
Armour         | |  0.3
Dodging        | |  4.4
Shields        | |  0.3
Unarmed Combat | |  0.3
Spellcasting   | |  0.3
Conjurations   | |  0.2
Hexes          | |  0.2
Summonings     | |  0.2
Necromancy     | |  0.2
Translocations | |  0.2
Transmutations | |  0.2
Fire Magic     | |  0.2
Ice Magic      | |  0.2
Air Magic      | |  0.2
Earth Magic    | |  0.2
Poison Magic   | |  0.2
Invocations    | |  0.4
Evocations     | |  0.3
Shapeshifting  | |  0.2

Action                     || total
---------------------------++-------
  Melee: Short sword       ||    25
         Bite              ||     5
    Use: Potion            ||     1
 Armour: Leather armour    ||     7
  Dodge: Dodged            ||     8

Table legend: (Time is in decaauts)
 A = Elapsed time spent in this place.
 B = Non-inter-level travel time spent in this place.
 C = Inter-level travel time spent in this place.
 D = Time resting spent in this place.
 E = Time spent auto-exploring this place.
 F = Levels seen in this place.
 G = Mean time per level.
                   A        B        C        D        E       F      G
               +--------+--------+--------+--------+--------+-----+--------+
         Total |    214 |    214 |      0 |      0 |    142 |   3 |   71.3 |
       Dungeon |    214 |    214 |      0 |      0 |    142 |   3 |   71.3 |
               +--------+--------+--------+--------+--------+-----+--------+

Top non-repeatable levels by time:
     D:4: 196 daAuts
     D:5: 16 daAuts
     D:6: 1 daAuts
